AoeStats
← CID_POPOTE

Nomad

503073829Analyzed
3v3 RM · 1mo ago on Aug 30, 2026· 19m 16s· 6 players
Game mode
Random Map
Map size
210×210
Population
200
Speed
Normal
Resources
Standard
Victory
Conquest
Starting age
Dark Age
Ending age
Imperial Age
RankedLock teamsTeams togetherTeam positionsShared explorationLock speedFull tech treeHidden civsTurbo modeCheats
Victory
Defeat
🇵🇪 Mongols · Peru
1084
+14
🇵🇪 Koreans · Peru
1040
+16
🇵🇪 Saracens · Peru
979
+19
🇺🇸 Vietnamese · United States
1065
-17
🇺🇸 Japanese · United States
1042
-16
🇺🇸 Vikings · United States
1031
-16
CID_POPOTE
3:46 Loom
15:06 Feudal Age
17:36 Gold Mining
CID Rohan
4:08 Loom
13:02 Feudal Age
14:51 Fletching
Seymore
9:33 Loom
12:36 Feudal Age
16:43 Castle Age
16:40 Bloodlines
Cumstain
3:16 Loom
15:41 Feudal Age
17:01 Wheelbarrow
16:13 Double-Bit Axe
16:49 Horse Collar
21:32 Castle Age
B.oob
8:34 Loom
16:11 Feudal Age
Codeblue
13:30 Loom
15:28 Feudal Age
20:09 Castle Age
18:22 Fishing Lines
18:53 Double-Bit Axe
Connection lost

Rejoining the realm…

Still unreachable

The connection could not be restored.

Session expired

The server has moved on; the page needs a fresh start.